 Dungeon Crawl Stone Soup version 0.13.0-26-gf7ffa3a (webtiles) character file.

328 MackTheKnife the Insei (level 5, 0/37 HPs)
             Began as a Merfolk Transmuter on Oct 31, 2013.
             Killed by divine providence
             ... invoked by an orc priest
              (13 damage)
             ... on Level 3 of the Dungeon.
             The game lasted 00:04:45 (3409 turns).

MackTheKnife the Insei (Merfolk Transmuter)         Turns: 3409, Time: 00:04:45

HP   0/37        AC  2     Str 10      XL: 5   Next: 87%
MP   5/7         EV 21     Int 13      God:
Gold 118         SH  0     Dex 20      Spells:  2 memorised,  4 levels left

Res.Fire  : . . .   See Invis. : .     - Unarmed
Res.Cold  : . . .   Warding    : .   k - melded +0 leather armour
Life Prot.: . . .   Conserve   : .   (shield currently unavailable)
Res.Poison: x       Res.Corr.  : .   (helmet currently unavailable)
Res.Elec. : .       Clarity    : .   (cloak currently unavailable)
Sust.Abil.: . .     Spirit.Shd : .   (gloves currently unavailable)
Res.Mut.  : .       Stasis     : .   (boots currently unavailable)
Res.Rott. : .       Flight     : .   f - amulet of faith {!P}
Saprovore : . . .                    (no ring)
                                     (no ring)

@: spider-form (expiring), quick, slightly resistant to hostile enchantments,
fairly stealthy
A: (change form in water), (swift swim)
a: End Transformation


You were on level 3 of the Dungeon.
You were not hungry.
You were in spider-form.
You visited 1 branch of the dungeon, and saw 3 of its levels.

You collected 98 gold pieces.


   Skills:
 - Level 1.1 Fighting
 - Level 2.6 Dodging
 + Level 5.5 Unarmed Combat
 - Level 2.0 Spellcasting
 + Level 4.6 Transmutations
 + Level 2.4 Poison Magic


You had 4 spell levels left.
You knew the following spells:

 Your Spells              Type           Power        Failure   Level  Hunger
x - Spider Form           Trmt/Pois      ##........   36%         3    ####...
z - Beastly Appendage     Trmt           ##....       14%         1    ##.....

Inventory:

Missiles
 b - 12 arrows
Armour
 e - a +0 buckler
 k - a +0 leather armour (melded)
Comestibles
 j - a royal jelly
 o - a pear
Scrolls
 c - 2 scrolls of teleportation {unknown}
 h - 2 scrolls of curse armour {unknown}
 n - a scroll of magic mapping {unknown}
 p - a scroll of noise {unknown}
Jewellery
 f - an amulet of faith (around neck) {!P}
Potions
 a - a potion of flight {unknown}
 g - a potion of restore abilities {unknown}
 i - a potion of heal wounds
 l - a potion of poison {unknown}
 m - 2 potions of curing {unknown}
Books
 d - a book of Changes

   Spells                             Type                      Level
   *Beastly Appendage                 Transmutation                1
   Sticks to Snakes                   Transmutation                2
   *Spider Form                       Transmutation/Poison         3
   Ice Form                           Ice/Transmutation            4
   Blade Hands                        Transmutation                5

· ·· ▒▒▒ ··· ··· ··▒ ····
·····▒·▒▒▒▒▒ ·····
······▒·▒···▒▒o·o····
···?··▒·▒·))s£·······
···········)·········
·······)····)▒·······
▒▒▒▒▒▒▒·········▒········
···▒▒▒▒▒▒▒▒▒····▒········
················▒········
···▒▒······▒▒···▒········▒
···▒▒·▒▒▒▒·▒▒···▒·▒▒·
▒·······▒▒·▒······▒▒▒▒▒


You could see an orc priest and an orc.


Message History

The orc wizard looks braver.
Unknown command.
You hit the orc wizard.
You kill the orc wizard!
The orc closely misses you.
Unknown command.
You bite the orc!
You kill the orc!
The orc hits you with an orcish trident.
* * * LOW HITPOINT WARNING * * *
You hit the orc.
The orc is poisoned.
The orc is moderately wounded.
You completely miss the orc.
The orc is moderately wounded.
The orc hits you with an orcish trident.
* * * LOW HITPOINT WARNING * * *
An orc comes into view. It is wielding an orcish dagger.
You hit the orc.
The orc looks even sicker.
The orc is severely wounded.
You kill the orc!
The orc closely misses you.
An orc priest comes into view. It is wielding an orcish mace.
You bite the orc!
You kill the orc!
Items here: % )))) [ an orcish dagger; an orcish spear; an orcish spear; an orcish spear an orcish ring mail; an orc corpse The orc priest mumbles some strange prayers to Beogh against you.
Something smites you!
You die...

Action                   |  1- 3 |  4- 6 || total
-------------------------+-------+-------++-------
Melee: Unarmed           |   159 |    72 ||   231
 Cast: Beastly Appendage |     5 |     4 ||     9
       Spider Form       |       |     3 ||     3
  Use: Scroll            |     3 |     1 ||     4
       Potion            |       |     1 ||     1
 Stab: Sleeping          |     1 |       ||     1

Vault maps used:
D:1:      minmay_entry_wavy_path, minmay_misc_feat_diagonals
D:3:      uniq_jessica

Notes
Turn   | Place    | Note
--------------------------------------------------------------
     0 | D:1      | MackTheKnife, the Merfolk Transmuter, began the quest for the Orb.
     0 | D:1      | Reached XP level 1. HP: 15/15 MP: 1/1
   139 | D:1      | Reached XP level 2. HP: 18/21 MP: 3/3
   400 | D:1      | Reached skill level 4 in Unarmed Combat
   609 | D:1      | Reached skill level 3 in Transmutations
   828 | D:1      | Reached XP level 3. HP: 22/26 MP: 4/4
  1312 | D:2      | Learned a level 3 spell: Spider Form
  1929 | D:2      | Reached XP level 4. HP: 12/32 MP: 6/6
  2561 | D:2      | Reached skill level 1 in Poison Magic
  2649 | D:2      | Reached skill level 5 in Unarmed Combat
  3046 | D:3      | Noticed Jessica
  3062 | D:3      | Reached skill level 4 in Transmutations
  3062 | D:3      | Reached XP level 5. HP: 16/37 MP: 5/7
  3364 | D:3      | Killed Jessica
  3364 | D:3      | Reached skill level 2 in Poison Magic
  3397 | D:3      | HP: 2/37 [orc wizard/puff of frost (12)]
  3409 | D:3      | Killed from afar by an orc priest

Vanquished Creatures
  A hound (D:3)
  An orc priest (D:3)
  An orc wizard (D:3)
  Jessica (D:3)
  3 adders (D:2)
  A giant mite (D:2)
  2 worms (D:2)
  A giant gecko (D:3)
  2 oozes (D:1)
  3 orcs (D:3)
  2 giant cockroaches
  6 hobgoblins
  4 jackals (D:1)
  5 kobolds
  5 bats
  6 giant newts
  8 goblins
  10 rats
62 creatures vanquished.
